 Dungeon Crawl Stone Soup version 0.25.1-2-g60ff931df9 (webtiles) character file.

Game seed: 5148027735130956485

644625 Elvor the Slayer (level 27, -1/201 HPs)
             Began as a Gargoyle Fighter on Sept 21, 2020.
             Was a High Priest of Okawaru.
             Killed from afar by a green draconian scorcher (33 damage)
             ... with damnation
             ... on level 1 of the Realm of Zot on Sept 22, 2020.
             The game lasted 11:51:40 (62911 turns).

Elvor the Slayer (Gargoyle Fighter)                Turns: 62911, Time: 11:51:40

Health: -1/201     AC: 56    Str: 36    XL:     27
Magic:  28/28      EV: 20    Int: 14    God:    Okawaru [*****.]
Gold:   4330       SH: 34    Dex: 13    Spells: 12/26 levels left

rFire    x . .     SeeInvis +   Z - +3 eveningstar (freeze)
rCold    + + .     Gourm    .   n - +2 tower shield {AC+3}
rNeg     + + +     Faith    .   P - +8 chain mail "Damnable Contraption" {rC+ Regen+ Stlth+}
rPois    ∞         Spirit   .   I - +2 helmet of Mental Paralysis {+Inv MR+ Regen+}
rElec    +         Reflect  +   F - +2 cloak {rCorr}
rCorr    +         Harm     .   X - +1 pair of gloves {Str+3}
MR       +++..                  (no boots)
Stlth    ..........             L - amulet of Qepaneal {Reflect rPois rF- Slay+5 SH+5 SInv}
HPRegen  1.23/turn              c - +4 ring of evasion
MPRegen  0.21/turn              E - ring "Xiat" {rC+ rN++ Str+6 Dex+3 Slay-3}

@: flying
A: big wings, claws 1, rugged brown scales 1, negative energy resistance 1,
electricity resistance, unbreathing, petrification resistance, rot immunity, AC
+20
}: 5/15 runes: decaying, serpentine, slimy, silver, abyssal
a: Stop Flying, Heroism, Finesse, Renounce Religion, Evoke Invisibility


You were on level 1 of the Realm of Zot.
You worshipped Okawaru.
Okawaru was extremely pleased with you.
You were hungry.

You visited 11 branches of the dungeon, and saw 51 of its levels.
You visited the Abyss 4 times.
You visited 1 bazaar.
You also visited: Gauntlet and Volcano.

You collected 7243 gold pieces.
You spent 2913 gold pieces at shops.

Inventory:

Hand Weapons
 Z - a +3 eveningstar of freezing (weapon)
Missiles
 j - 9 silver boomerangs (quivered)
 J - 51 silver javelins
 K - 2 atropa-tipped darts
Armour
 l - the +7 faerie dragon scales {rF+ rCorr}
   (You took it off the Enchantress on level 4 of the Depths)

   It protects you from fire.
   It provides partial protection from all sources of acid and corrosion.
 n - a +2 tower shield of protection (worn)
 s - the +8 orange crystal plate armour {Archmagi, Int+3 Clar}
   (You found it on level 5 of the Pits of Slime)

   It affects your intelligence (+3).
   It protects you against confusion.
 D - the +2 cloak of Cocytus {-Tele rF+++ rN+++ Str-5}
   (You found it on level 4 of the Swamp)

   It affects your strength (-5).
   It renders you almost immune to fire.
   It renders you almost immune to negative energy.
   It prevents most forms of teleportation.
 F - a +2 cloak of preservation (worn)
 I - the +2 helmet of Mental Paralysis (worn) {+Inv MR+ Regen+}
   (Okawaru gifted it to you on level 3 of the Swamp)

   It affects your resistance to hostile enchantments.
   It lets you turn invisible.
   It increases your rate of regeneration.
 P - the +8 chain mail "Damnable Contraption" (worn) {rC+ Regen+ Stlth+}
   (You found it on level 3 of the Lair of Beasts)

   It protects you from cold.
   It increases your rate of regeneration.
   It makes you more stealthy.
 X - a +1 pair of gloves of strength (worn)
Jewellery
 c - a +4 ring of evasion (left hand)
 E - the ring "Xiat" (right hand) {rC+ rN++ Str+6 Dex+3 Slay-3}
   (You found it on level 5 of the Pits of Slime)

   [ring of strength]

   It affects your strength (+6).
   It affects your dexterity (+3).
   It affects your accuracy and damage with ranged weapons and melee attacks
   (-3).
   It protects you from cold.
   It greatly protects you from negative energy.
 L - the amulet of Qepaneal (around neck) {Reflect rPois rF- Slay+5 SH+5 SInv}
   (You found it on level 2 of the Snake Pit)

   [amulet of reflection]

   It shields you and reflects attacks.
   It affects your accuracy and damage with ranged weapons and melee attacks
   (+5).
   It makes you vulnerable to fire.
   It protects you from poison.
   It lets you see invisible.
   It affects your SH (+5).
 T - the amulet "Poiv" {RegenMP rF++}
   (You found it on level 5 of the Vaults)

   [amulet of magic regeneration]

   It increases your magic regeneration.
   It greatly protects you from fire.
 W - the ring of the Imp {rC+ MR+ Str-3 Int+6}
   (You found it on level 1 of the Depths)

   [ring of intelligence]

   It affects your strength (-3).
   It affects your intelligence (+6).
   It protects you from cold.
   It affects your resistance to hostile enchantments.
Wands
 b - a wand of digging (12)
 d - a wand of enslavement (17)
 g - a wand of iceblast (24)
 i - a wand of polymorph (18)
 w - a wand of acid (35)
 A - a wand of paralysis (54)
 G - a wand of disintegration (52)
 Q - a wand of clouds (13)
 S - a wand of flame (26)
Scrolls
 h - 4 scrolls of remove curse
 m - a scroll of amnesia
 r - 8 scrolls of fear
 u - 6 scrolls of immolation
 v - 13 scrolls of magic mapping
 B - 28 scrolls of teleportation
 C - 2 scrolls of silence
 H - 9 scrolls of blinking
 R - 11 scrolls of identify
 V - 4 scrolls of fog
Potions
 a - 7 potions of cancellation
 e - 23 potions of curing
 k - 10 potions of haste
 o - 18 potions of heal wounds
 q - 4 potions of invisibility
 t - 10 potions of lignification
 x - 12 potions of might
 z - 2 potions of resistance
 U - 5 potions of ambrosia
 Y - 6 potions of berserk rage
Miscellaneous
 y - 4 phantom mirrors
Comestibles
 f - 60 rations
 p - 13 chunks of flesh


   Skills:
 * Level 26.1 Fighting
   Level 1.9 Long Blades
 + Level 21.7 Maces & Flails
   Level 0.5 Polearms
 + Level 17.3 Throwing
 + Level 14.4 Armour
 * Level 12.3 Dodging
 - Level 1.4 Stealth
 + Level 23.4 Shields
 + Level 7.2 Invocations
 + Level 2.3 Evocations


You had 12 spell levels left.
You knew the following spells:

 Your Spells              Type           Power        Failure   Level  Hunger
a - Apportation           Tloc           #.....       67%         1    ##.....
b - Summon Butterflies    Summ           #.......     67%         1    ##.....
c - Swiftness             Chrm/Air       #.......     82%         2    ###....
d - Controlled Blink      Tloc           N/A          100%        8    #######
e - Blink                 Tloc           N/A          82%         2    ###....

Your spell library contained the following spells:

 Spells                   Type           Power        Failure   Level  Hunger
 Animate Skeleton         Necr           N/A          67%         1    ##.....
 Beastly Appendage        Tmut           #.....       67%         1    ##.....
 Corona                   Hex            #......      67%         1    ##.....
 Freeze                   Ice            #...         67%         1    ##.....
 Infusion                 Chrm           #...         67%         1    ##.....
 Magic Dart               Conj           #...         67%         1    ##.....
 Pain                     Necr           #...         67%         1    ##.....
 Shock                    Conj/Air       #...         67%         1    ##.....
 Sting                    Tmut/Pois      #...         67%         1    ##.....
 Call Imp                 Summ           #.......     82%         2    ###....
 Corpse Rot               Necr/Air       N/A          82%         2    ###....
 Poisonous Vapours        Pois/Air       #.....       82%         2    ###....
 Searing Ray              Conj           #.....       82%         2    ###....
 Slow                     Hex            #.......     82%         2    ###....
 Song of Slaying          Chrm           #.......     82%         2    ###....
 Sticks to Snakes         Tmut           #.......     82%         2    ###....
 Call Canine Familiar     Summ           #.......     96%         3    ####...
 Confusing Touch          Hex            #.......     96%         3    ####...
 Conjure Flame            Conj/Fire      #.......     96%         3    ####...
 Dazzling Flash           Conj/Hex       #.....       96%         3    ####...
 Frozen Ramparts          Ice            #.....       96%         3    ####...
 Gell's Gravitas          Tloc           #.........   96%         3    ####...
 Ignite Poison            Fire/Tmut/Pois #.......     96%         3    ####...
 Inner Flame              Hex/Fire       #.......     96%         3    ####...
 Lesser Beckoning         Tloc           #.........   96%         3    ####...
 Mephitic Cloud           Conj/Pois/Air  #.......     96%         3    ####...
 Ozocubu's Armour         Chrm/Ice       #.......     96%         3    ####...
 Portal Projectile        Hex/Tloc       #.....       96%         3    ####...
 Recall                   Summ/Tloc      N/A          96%         3    ####...
 Spectral Weapon          Hex/Chrm       #.......     96%         3    ####...
 Spider Form              Tmut/Pois      #.........   96%         3    ####...
 Static Discharge         Conj/Air       #.......     96%         3    ####...
 Stone Arrow              Conj/Erth      #.....       96%         3    ####...
 Tukima's Dance           Hex            #.......     96%         3    ####...
 Vampiric Draining        Necr           #.........   96%         3    ####...
 Airstrike                Air            #.........   100%        4    #####..
 Animate Dead             Necr           N/A          100%        4    #####..
 Cause Fear               Hex            #.........   100%        4    #####..
 Fulminant Prism          Conj/Hex       #.........   100%        4    #####..
 Hailstorm                Conj/Ice       #.......     100%        4    #####..
 Ice Form                 Ice/Tmut       #.......     100%        4    #####..
 Iskenderun's Mystic Bla  Conj/Tloc      #.......     100%        4    #####..
 Leda's Liquefaction      Hex/Erth       #.........   100%        4    #####..
 Olgreb's Toxic Radiance  Pois           #.......     100%        4    #####..
 Petrify                  Tmut/Erth      #.......     100%        4    #####..
 Summon Ice Beast         Ice/Summ       #.......     100%        4    #####..
 Agony                    Necr           #.......     100%        5    ######.
 Alistair's Intoxication  Tmut/Pois      #.......     100%        5    ######.
 Blade Hands              Tmut           #.........   100%        5    ######.
 Bolt of Magma            Conj/Fire/Erth #.........   100%        5    ######.
 Borgnjor's Vile Clutch   Necr/Erth      #.........   100%        5    ######.
 Excruciating Wounds      Chrm/Necr      #.........   100%        5    ######.
 Irradiate                Conj/Tmut      #.........   100%        5    ######.
 Iskenderun's Battlesphe  Conj/Chrm      #.......     100%        5    ######.
 Lightning Bolt           Conj/Air       #.........   100%        5    ######.
 Metabolic Englaciation   Hex/Ice        #.........   100%        5    ######.
 Silence                  Hex/Air        #.........   100%        5    ######.
 Summon Forest            Summ/Tloc      #.........   100%        5    ######.
 Summon Mana Viper        Hex/Summ       #.......     100%        5    ######.
 Yara's Violent Unravell  Hex/Tmut       #.........   100%        5    ######.
 Death Channel            Necr           #.........   100%        6    #######
 Dispersal                Tloc           #.........   100%        6    #######
 Eringya's Noxious Bog    Tmut/Pois      #.........   100%        6    #######
 Freezing Cloud           Conj/Ice/Air   #.........   100%        6    #######
 Hydra Form               Tmut           #.........   100%        6    #######
 Invisibility             Hex            #.......     100%        6    #######
 Simulacrum               Ice/Necr       #.........   100%        6    #######
 Dragon Form              Tmut           #.........   100%        7    #######
 Haunt                    Necr/Summ      #.........   100%        7    #######
 Malign Gateway           Summ/Tloc      #.........   100%        7    #######
 Ring of Flames           Chrm/Fire      #.........   100%        7    #######
 Summon Hydra             Summ           #.........   100%        7    #######
 Borgnjor's Revivificati  Necr           #.........   100%        8    #######
 Death's Door             Chrm/Necr      #.........   100%        8    #######
 Discord                  Hex            #.........   100%        8    #######
 Ignition                 Fire           #.........   100%        8    #######
 Infestation              Necr           #.........   100%        8    #######
 Necromutation            Tmut/Necr      #.........   100%        8    #######
 Shatter                  Erth           #.........   100%        9    #######
 Tornado                  Air            #.........   100%        9    #######
 Statue Form              Tmut/Erth      Unusable     N/A         6    N/A

Dungeon Overview and Level Annotations

Branches:
Dungeon (15/15)            Temple (1/1) D:5            Lair (6/6) D:10
  Swamp (4/4) Lair:2        Snake (4/4) Lair:3        Slime (5/5) Lair:5
    Orc (2/2) D:10            Elf (3/3) Orc:2        Vaults (5/5) D:13
  Crypt (0/3) Vaults:2     Depths (5/5) D:15            Zot (1/5) Depths:5
Volcano (visited)         Gauntlet (visited)

Altars:
Ashenzari
Cheibriados
Dithmenos
Elyvilon
Fedhas
Gozag
Hepliaklqana
Kikubaaqudgha
Makhleb
Nemelex Xobeh
Okawaru
Qazlal
Ru
Sif Muna
Trog
Uskayaw
Vehumet
Wu Jian
Xom
Yredelemnul
Zin
The Shining One
Beogh

Shops:
Orc:2 ((*%}%}[%   Snake:4 [   Vaults:2 ?   Vaults:4 :*=   Depths:4 ?

Portals:
Hell: Depths:1 Depths:2 Depths:3 Depths:4 Depths:5
Abyss: Depths:1 Depths:2 Depths:4
Pandemonium: Depths:1 Depths:2 Depths:3 Depths:4
Ziggurat: Depths:4


Innate Abilities, Weirdness & Mutations

You are resistant to torment.
Your stone body is resilient. (AC +20)
You are immune to poison.
Your large and strong wings let you fly indefinitely.
You resist negative energy. (rN+)
You are resistant to electric shocks. (rElec)
You can survive without breathing.
You are immune to petrification.
You are immune to rotting.
You have sharp fingernails.
You are partially covered in rugged brown scales. (AC +1, +3% HP)


Message History

The quicksilver dragon breathes dispelling energy at you.
The bolt of dispelling energy hits you!!
* * * LOW HITPOINT WARNING * * *
Your blink will be uncontrolled - continue anyway? [Y]es or [N]o only, please.
Your blink will be uncontrolled - continue anyway? [Y]es or [N]o only, please.
Your blink will be uncontrolled - continue anyway? [Y]es or [N]o only, please.
Your blink will be uncontrolled - continue anyway?
Okay, then.
Your blink will be uncontrolled - continue anyway?
The Orb prevents control of your translocation!
You blink.
As you read the scroll of blinking, it crumbles to dust.
As you read the scroll of fog, it crumbles to dust.
The scroll dissolves into smoke.
The green draconian scorcher casts a spell at you.
The sphere of damnation explodes!
The damnation engulfs you!!
You die...

#... #..#
#.)# ### #.
#q§# ##..
#..####.q#
##...
#........#
##...#
#.⌠....D§#
#...##
#..####§§#
#..## #.
#@§# #..#
#§§# #..#
#§.# #.
#..## #..#
#.. #...##
#..# #..
##...# #..#
#..# ##.....
#.^#
#...##...#..
#..#
#......####
#..##
##....##


You could see a quicksilver dragon and 2 draconians.

Vanquished Creatures
  the Royal Jelly (Slime:5)
  Mara (Swamp:3)
  5 juggernauts
  Frederick (Vaults:3)
  Boris (Depths:5)
  Margery (Depths:4)
  Saint Roka (Orc:1)
  5 golden dragons
  2 caustic shrikes
  the Enchantress (Depths:4)
  A bone dragon (Depths:5)
  Nikola (Vaults:3)
  Jorgrun (Swamp:2)
  3 tentacled monstrosities
  3 liches
  Asterion (Vaults:2)
  6 titans
  5 deep elf blademasters
  18 acid blobs
  A deep elf master archer (Elf:3)
  2 tentacled starspawn (Abyss:3)
  2 storm dragons
  Gastronok (Lair:1)
  The ghost of waddelsworth the Warrior, an adept MiBe of Trog (Snake:4)
  5 sphinxes
  Kirke (Snake:2)
  5 thorn hunters
  8 tengu reavers
  6 shadow dragons
  18 nagarajas
  Donald (Swamp:2)
  A draconian monk (Zot:1)
  7 azure jellies
  12 fire giants
  10 deep elf sorcerers
  19 vault wardens
  A draconian scorcher (Depths:5)
  Aizul (Snake:1)
  The ghost of SeriousMike the Spry, an adept DEAs of Dithmenos (Depths:2)
  4 iron dragons
  6 frost giants
  Louise (Elf:1)
  An angel (Depths:4)
  2 ghouls
  15 ironheart preservers
  6 deep elf elementalists
  A draconian shifter (Depths:5)
  5 spriggan defenders
  2 draconian annihilators (Zot:1)
  A reaper (Abyss:2)
  A draconian stormcaller (Depths:5)
  22 stone giants
  2 war gargoyles
  30 very ugly things
  7 deep elf demonologists (Elf:3)
  2 green draconians
  3 black draconians
  4 vampire knights
  10 spark wasps
  An entropy weaver (Vaults:2)
  3 white draconians (Zot:1)
  10 deep elf annihilators
  A minotaur (Gauntlet)
  2 yellow draconians (Zot:1)
  The ghost of Mebb the Imperceptible, a journeyman SpEn of Gozag (D:13)
  A purple draconian (Depths:4)
  3 red draconians
  9 deep elf death magi
  An ettin (shapeshifter) (Vaults:4)
  19 ettins
  2 blizzard demons (Abyss:3)
  10 death oozes
  A merfolk impaler (Abyss:3)
  13 fire dragons
  Josephine (Orc:2)
  The ghost of Almogavar the Grappler, a journeyman TrMo of Makhleb (Lair:1)
  11 deep elf high priests
  18 ogre magi
  19 yaktaur captains
  21 naga warriors
  33 hydras
  11 great orbs of eyes
  5 shambling mangroves
  16 ice dragons
  8 rakshasas
  Fannar (Lair:3)
  27 vault guards
  5 catoblepae
  3 ghost crabs
  7 spriggan air magi
  5 anacondas
  43 two-headed ogres
  4 death knights
  16 centaur warriors
  9 alligators
  8 deep troll earth magi
  29 dancing weapons
  3 death scarabs (Gauntlet)
  6 tengu warriors
  2 thrashing horrors (Abyss:3)
  4 hell hogs
  6 spriggan berserkers
  2 vampire magi
  25 naga sharpshooters
  11 death yaks
  3 deep troll shamans
  An orc high priest (Orc:2)
  6 shock serpents
  8 spriggans
  Nergalle (D:10)
  A shadow wraith (Vaults:4)
  7 large abominations
  2 salamander mystics
  16 deep elf knights
  A sixfirhy (Abyss:3)
  14 hell knights
  22 skeletal warriors
  A spatial maelstrom (Abyss:2)
  16 deep trolls
  5 flayed ghosts
  A shadow demon (Depths:1)
  13 iron trolls
  An unseen horror (Vaults:1)
  3 wizards
  2 spriggan druids
  13 swamp dragons
  4 naga ritualists
  15 deep elf archers
  5 glowing orange brains
  8 phantasmal warriors
  10 ironbrand convokers
  51 deep elf magi
  An orb spider (shapeshifter) (Elf:2)
  A harpy (Elf:2)
  6 necromancers
  19 orc knights
  4 lindwurms
  8 mana vipers
  4 shining eyes
  An orc sorcerer (Orc:1)
  An obsidian statue (Depths:5)
  5 oklob plants
  31 ugly things
  4 wolf spiders
  A worldbinder (Abyss:3)
  A fire giant zombie (Vaults:5)
  A salamander (shapeshifter) (Vaults:5)
  4 elephants (Lair:3)
  11 salamanders
  10 cyclopes
  An elephant (shapeshifter) (D:15)
  6 manticores
  A frost giant skeleton (Vaults:5)
  2 fire giant skeletons
  7 guardian serpents
  2 stone giant skeletons
  17 naga magi
  11 moths of wrath
  17 vault sentinels
  2 centaur zombies
  A black mamba (shapeshifter) (Vaults:5)
  25 black mambas
  An eye of devastation (Slime:5)
  A guardian serpent (shapeshifter) (Vaults:5)
  2 molten gargoyles (Volcano)
  14 spiny frogs
  4 smoke demons (Abyss:3)
  An apocalypse crab (Abyss:3)
  2 orange demons
  2 gargoyles (D:15)
  2 human zombies (Vaults:5)
  5 spectral swamp worms (Depths:3)
  8 freezing wraiths
  2 kobold demonologists
  A hellion (Depths:2)
  2 rime drakes
  6 small abominations
  11 komodo dragons
  A red devil (Depths:2)
  30 yaktaurs
  A tormentor (Abyss:2)
  A komodo dragon (shapeshifter) (Vaults:2)
  2 efreet
  2 ancient zymes (Abyss:3)
  2 ice devils (Depths:1)
  A queen bee (shapeshifter) (Vaults:1)
  A hellwing (Depths:2)
  A jumping spider (Vaults:2)
  7 tengu conjurers
  A tengu simulacrum (Vaults:2)
  6 trolls
  2 meliai (shapeshifter)
  A polar bear (shapeshifter) (D:12)
  5 tyrant leeches
  A merfolk (shapeshifter) (Depths:1)
  Prince Ribbit (Lair:1)
  A spriggan zombie (D:15)
  22 blink frogs
  Grinder (D:3)
  20 hornets
  7 hippogriffs
  5 dream sheep (Lair:4)
  2 meliai zombies
  12 bog bodies
  A fire dragon zombie (D:15)
  A slime creature (shapeshifter) (Vaults:5)
  85 slime creatures
  5 raiju (Abyss:3)
  2 spectral black mambas (Gauntlet)
  A human simulacrum (Vaults:1)
  Sigmund (D:3)
  2 air elementals (Elf:3)
  An ice dragon skeleton (Depths:1)
  8 shadows
  10 wraiths
  7 water elementals
  A ynoxinul (Abyss:3)
  A fire dragon skeleton (D:15)
  2 redbacks
  5 basilisks
  4 wyverns
  4 hogs
  68 yaks
  3 hungry ghosts
  2 golden eyes
  A spriggan (shapeshifter) (Vaults:1)
  2 yaks (shapeshifter)
  A spectral komodo dragon (Gauntlet)
  3 fire elementals
  15 vampire mosquitoes
  A neqoxec (Depths:2)
  5 fire bats
  A chaos spawn (Depths:1)
  A warg (shapeshifter) (Vaults:5)
  A harpy simulacrum (D:15)
  The ghost of nyroko the Conjurer, an amateur DsCj (D:3)
  17 swamp worms
  12 insubstantial wisps
  13 wargs
  79 nagas
  3 soldier ants
  A spectral spiny frog (Gauntlet)
  2 ogre zombies (Vaults:1)
  4 acid dragons
  An acid dragon (shapeshifter) (D:14)
  17 water moccasins
  4 hell hounds
  64 orc warriors
  13 porcupines
  2 floating eyes
  4 ice beasts
  A spectral torpor snail (Gauntlet)
  2 sky beasts
  13 starcursed masses (Abyss:3)
  A sky beast (shapeshifter) (Depths:5)
  12 swamp drakes
  2 black bears
  An eye of draining (Slime:3)
  4 necrophages (Swamp:2)
  3 phantoms
  10 wolves
  10 boggarts
  13 centaurs
  42 ogres
  An orc skeleton (Vaults:1)
  13 crocodiles
  A crocodile (shapeshifter) (Vaults:5)
  4 big kobolds
  4 earth elementals
  17 bullfrogs
  An ogre simulacrum (Vaults:1)
  4 scorpions
  A wyvern skeleton (D:14)
  18 killer bees
  11 wights
  3 electric eels
  2 howler monkeys
  6 lava snakes (Volcano)
  8 crimson imps
  A bullfrog zombie (D:11)
  A quasit (D:5)
  Crazy Yiuf (D:3)
  22 orc priests
  2 centaur skeletons
  11 hounds
  4 jellies
  24 orc wizards
  A bullfrog skeleton (D:9)
  An iron imp (Abyss:3)
  4 iguanas
  13 worker ants
  3 hound skeletons
  Robin (D:2)
  2 howler monkey skeletons
  13 gnolls
  5 adders
  4 shadow imps
  8 white imps
  An ufetubus (Abyss:2)
  2 oozes
  3 adder skeletons
  An adder zombie (D:5)
  2 worms
  2 dart slugs
  4 leopard geckos
  122 orcs
  8 bats
  2 giant cockroaches
  23 goblins
  11 hobgoblins
  18 jackals
  4 quokkas
  A ball python (D:6)
  5 frilled lizards
  A jackal zombie (D:6)
  20 kobolds
  A leopard gecko zombie (D:5)
  2 quokka skeletons
  6 rats
  6 crawling corpses
  A lurking horror (Abyss:3)
  A plant (Lair:1)
  4 starspawn tentacles (Abyss:3)
2420 creatures vanquished.

Vanquished Creatures (others)
  A two-headed ogre (Vaults:5)
  A shadow wraith (Vaults:4)
  A wizard (D:6)
  An ugly thing (Depths:3)
  A manticore (Elf:2)
  A deep elf mage (Elf:3)
  A blink frog (Swamp:4)
  A hungry ghost (Abyss:2)
  An orc warrior (Vaults:5)
  An orc priest (Vaults:2)
  An orc wizard (Vaults:5)
  An orc (Vaults:5)
  11 briar patches (Swamp:4)
  3 fungi
  A lurking horror (Abyss:3)
  10 plants
  4 starspawn tentacles
41 creatures vanquished.

Grand Total: 2461 creatures vanquished

Notes
Turn   | Place    | Note
-------+----------+-------------------------------------------
     0 | D:1      | Elvor the Gargoyle Fighter began the quest for the Orb.
     0 | D:1      | Reached XP level 1. HP: 14/14 MP: 1/1
   221 | D:1      | Reached XP level 2. HP: 16/19 MP: 2/2
   818 | D:1      | Reached XP level 3. HP: 22/23 MP: 3/3
  1051 | D:2      | Noticed Robin
  1380 | D:2      | Killed Robin
  1380 | D:2      | Reached XP level 4. HP: 28/28 MP: 4/4
  1975 | D:3      | Reached XP level 5. HP: 21/32 MP: 5/5
  2599 | D:3      | Noticed Sigmund
  2626 | D:3      | Killed Sigmund
  2626 | D:3      | Reached skill level 5 in Shields
  2626 | D:3      | Reached XP level 6. HP: 37/38 MP: 6/6
  2919 | D:3      | Noticed Grinder
  2940 | D:3      | Killed Grinder
  2940 | D:3      | Reached skill level 4 in Fighting
  2940 | D:3      | Reached skill level 5 in Maces & Flails
  2940 | D:3      | Reached skill level 1 in Dodging
  2940 | D:3      | Reached XP level 7. HP: 35/43 MP: 7/7
  3240 | D:3      | Found a runed translucent gate.
  3240 | D:3      | Found a runed translucent gate.
  3244 | D:3      | Found a runed translucent gate.
  3245 | D:3      | Noticed nyroko's ghost (amateur DsCj)
  3278 | D:3      | Killed nyroko's ghost
  3311 | D:3      | Found a runed translucent door.
  3312 | D:3      | Noticed Crazy Yiuf
  3489 | D:3      | Cast into level 1 of the Abyss (Crazy Yiuf)
  3489 | Abyss:1  | Found a corrupted altar of Lugonu.
  3542 | Abyss:1  | Noticed a wretched star
  3547 | Abyss:1  | Noticed a ynoxinul
  3557 | Abyss:1  | Noticed a tentacled starspawn
  3565 | D:3      | Escaped the Abyss
  3615 | D:3      | Killed Crazy Yiuf
  3761 | D:4      | Reached skill level 1 in Throwing
  3850 | D:4      | Found a blossoming altar of Fedhas.
  3995 | D:4      | Found a radiant altar of Vehumet.
  4121 | D:4      | Reached XP level 8. HP: 48/48 MP: 6/6
  4583 | D:5      | Entered Level 5 of the Dungeon
  5031 | D:5      | Reached skill level 5 in Armour
  5128 | D:5      | Found a shimmering altar of Xom.
  5132 | D:5      | Found a sacrificial altar of Ru.
  5182 | D:5      | Found a staircase to the Ecumenical Temple.
  5205 | Temple   | Entered the Ecumenical Temple
  5357 | Temple   | Became a worshipper of Warmaster Okawaru
  5696 | D:6      | Reached skill level 1 in Stealth
  6093 | D:6      | Found a bloodstained altar of Trog.
  6099 | D:6      | Noticed a wizard
  6105 | D:6      | Killed a wizard
  6406 | D:7      | Found a sparkling altar of Nemelex Xobeh.
  6421 | D:7      | Reached XP level 9. HP: 46/52 MP: 7/7
  6427 | D:7      | Reached * piety under Okawaru
  7250 | D:8      | Found an ancient bone altar of Kikubaaqudgha.
  7488 | D:8      | Reached skill level 5 in Fighting
  7655 | D:8      | Reached ** piety under Okawaru
  7925 | D:8      | 8
  8039 | D:9      | Reached skill level 10 in Maces & Flails
  8052 | D:9      | You fall into a shaft and drop 2 floors!
  8061 | D:11     | Reached XP level 10. HP: 46/59 MP: 10/10
  8191 | D:11     | Reached *** piety under Okawaru
  8228 | D:10     | Entered Level 10 of the Dungeon
  8485 | D:10     | Reached skill level 6 in Fighting
  8517 | D:10     | Reached **** piety under Okawaru
  8525 | D:10     | Found a staircase to the Lair.
  8628 | D:10     | Reached XP level 11. HP: 41/64 MP: 11/11
  8630 | D:10     | Received a gift from Okawaru
  8747 | D:10     | Found a staircase to the Orcish Mines.
  9227 | D:9      | Reached ***** piety under Okawaru
  9247 | D:9      | Noticed a purple ugly thing
  9260 | D:9      | Killed a purple ugly thing
  9260 | D:9      | Received a gift from Okawaru
  9625 | D:10     | Noticed Nergalle
  9642 | D:10     | Killed Nergalle
  9687 | D:10     | Reached skill level 7 in Fighting
 10297 | D:11     | Noticed a two-headed ogre
 10311 | D:11     | Killed a two-headed ogre
 10518 | D:11     | Noticed a two-headed ogre
 10519 | D:11     | Reached XP level 12. HP: 72/72 MP: 12/12
 10524 | D:11     | Killed a two-headed ogre
 10616 | D:11     | Noticed a six-headed hydra
 10632 | D:11     | Killed a six-headed hydra
 10868 | D:12     | Noticed a two-headed ogre
 10879 | D:12     | Killed a two-headed ogre
 10879 | D:12     | Received a gift from Okawaru
 10879 | D:12     | Reached skill level 10 in Shields
 11290 | D:12     | Found a gate leading to a gauntlet.
 11299 | Gauntlet | Entered a Gauntlet
 11299 | Gauntlet | Found a transporter.
 11299 | Gauntlet | Found a transporter.
 11299 | Gauntlet | Noticed a death scarab
 11305 | Gauntlet | Found a transporter.
 11322 | Gauntlet | Found a transporter.
 11333 | Gauntlet | Noticed a death scarab
 11334 | Gauntlet | Noticed a death scarab
 11335 | Gauntlet | Found a transporter.
 11335 | Gauntlet | Found a transporter.
 11335 | Gauntlet | Found a transporter.
 11337 | Gauntlet | Found a transporter.
 11337 | Gauntlet | Found a transporter.
 11348 | Gauntlet | Found a transporter.
 11357 | Gauntlet | Noticed a hell hog
 11364 | Gauntlet | Found a transporter.
 11377 | Gauntlet | Found a transporter.
 11388 | Gauntlet | Found a transporter.
 11408 | Gauntlet | Found a transporter.
 11416 | Gauntlet | Identified the cursed ring of Acusch {rC+ MP+9 Str-4 Dex+2}
 11462 | Gauntlet | Killed a death scarab
 11706 | Gauntlet | Killed a death scarab
 11706 | Gauntlet | Reached skill level 1 in Invocations
 11713 | Gauntlet | Killed a death scarab
 11801 | Gauntlet | Killed a hell hog
 11801 | Gauntlet | Reached skill level 8 in Fighting
 11817 | Gauntlet | Got a smouldering cloak
 11835 | Gauntlet | Identified the cursed +0 cloak of the Sailor {Int+4} (You
                  | found it in a Gauntlet)
 11922 | Gauntlet | Noticed a minotaur
 11939 | Gauntlet | Killed a minotaur
 11939 | Gauntlet | Received a gift from Okawaru
 11963 | Gauntlet | Identified the Volume of Protection
 11965 | Gauntlet | Got a polished tower shield
 11967 | Gauntlet | Identified the Almanac of Infinity
 12028 | Gauntlet | Identified the +2 tower shield of Vogoyg {rC+ Int+4} (You
                  | found it in a Gauntlet)
 12146 | D:12     | Got a faintly glowing mace
 12158 | D:12     | Found an iron altar of Okawaru.
 12161 | D:12     | Identified the +2 mace "Vunounoc" {drain, rPois Int+5} (You
                  | found it on level 12 of the Dungeon)
 12365 | D:12     | Reached skill level 5 in Throwing
 12749 | Lair:1   | Entered Level 1 of the Lair of Beasts
 12780 | Lair:1   | Reached XP level 13. HP: 79/79 MP: 14/14
 12844 | Lair:1   | Noticed Prince Ribbit
 12857 | Lair:1   | Killed Prince Ribbit
 12862 | Lair:1   | Reached skill level 15 in Maces & Flails
 13180 | Lair:1   | Received a gift from Okawaru
 13199 | Lair:1   | Reached skill level 9 in Fighting
 13250 | Lair:1   | Found a runed translucent gate.
 13251 | Lair:1   | Found a runed translucent gate.
 13256 | Lair:1   | Noticed Almogavar's ghost (journeyman TrMo)
 13310 | Lair:1   | Noticed Gastronok
 13353 | Lair:1   | Killed Gastronok
 13543 | Lair:1   | Found a runed translucent gate.
 14130 | Lair:1   | Killed Almogavar's ghost
 14130 | Lair:1   | Reached skill level 10 in Fighting
 15359 | Lair:2   | Found a staircase to the Swamp.
 15528 | Lair:2   | Gained mutation: Your large and strong wings let you fly
                  | indefinitely. [Gargoyle growth]
 15528 | Lair:2   | Reached XP level 14. HP: 47/88 MP: 15/15
 15530 | Lair:2   | Received a gift from Okawaru
 16152 | Lair:3   | Got an encrusted chain mail
 16163 | Lair:3   | Identified the +8 chain mail "Damnable Contraption" {rC+
                  | Regen+ Stlth+} (You found it on level 3 of the Lair of
                  | Beasts)
 16280 | Lair:3   | Reached skill level 11 in Fighting
 16329 | Lair:3   | Found a staircase to the Snake Pit.
 16717 | Lair:3   | Learned a level 1 spell: Apportation
 16719 | Lair:3   | Learned a level 1 spell: Summon Butterflies
 16722 | Lair:3   | Learned a level 2 spell: Swiftness
 16731 | Lair:3   | Learned a level 8 spell: Controlled Blink
 16791 | Lair:3   | Noticed Fannar
 16806 | Lair:3   | Killed Fannar
 17441 | Lair:4   | Received a gift from Okawaru
 17770 | Lair:5   | Found a dark tunnel.
 17783 | Volcano  | Entered a volcano
 18062 | Volcano  | Found a radiant altar of Vehumet.
 18072 | Volcano  | Received a gift from Okawaru
 18075 | Volcano  | Reached skill level 12 in Fighting
 18163 | Volcano  | Reached ****** piety under Okawaru
 18182 | Volcano  | Received a gift from Okawaru
 18498 | Lair:5   | Found a staircase to the Slime Pits.
 19043 | Lair:6   | Entered Level 6 of the Lair of Beasts
 19123 | Lair:6   | Reached XP level 15. HP: 63/97 MP: 16/16
 19760 | Lair:6   | Reached skill level 13 in Fighting
 21054 | Orc:1    | Entered Level 1 of the Orcish Mines
 21150 | Orc:1    | Paralysed by an orc sorcerer for 7 turns
 21303 | Orc:1    | Found a roughly hewn altar of Beogh.
 21368 | Orc:2    | Entered Level 2 of the Orcish Mines
 21368 | Orc:2    | Found Venan Siu's Weapon Boutique.
 21427 | Orc:2    | Found a radiant altar of Vehumet.
 21427 | Orc:2    | Noticed Josephine
 21440 | Orc:2    | Killed Josephine
 21440 | Orc:2    | Received a gift from Okawaru
 21454 | Orc:2    | Noticed Saint Roka
 21500 | Orc:1    | Killed Saint Roka
 21500 | Orc:1    | Received a gift from Okawaru
 21508 | Orc:1    | Got a polished flail {god gift}
 21514 | Orc:1    | Identified the +8 flail of Bioqirug {flame, +Fly Dex+3}
                  | (Okawaru gifted it to you on level 1 of the Orcish Mines)
 21977 | Orc:2    | Reached skill level 10 in Armour
 22214 | Orc:2    | Reached skill level 14 in Fighting
 22263 | Orc:2    | Received a gift from Okawaru
 22296 | Orc:2    | Found Fegyc's Food Boutique.
 22305 | Orc:2    | Found Dyp Ote's Gadget Emporium.
 22346 | Orc:2    | Found Suem's Antique Armour Shoppe.
 22533 | Orc:2    | Found Yxaitz's Gadget Shoppe.
 22533 | Orc:2    | Found Orherum's Food Shop.
 22608 | Orc:2    | Found Myro's Food Boutique.
 22629 | Orc:2    | Found a staircase to the Elven Halls.
 22771 | Orc:2    | Found Ewkocog's Antique Weapon Shop.
 22771 | Orc:2    | Found Nitemong's General Store.
 22785 | Orc:2    | Bought a potion of curing for 42 gold pieces
 22785 | Orc:2    | Bought a scroll of identify for 28 gold pieces
 22785 | Orc:2    | Bought a potion of mutation for 112 gold pieces
 22814 | Orc:2    | Found a roughly hewn altar of Beogh.
 22909 | Orc:2    | Bought a wand of digging (6) for 320 gold pieces
 23138 | D:13     | You are sucked into a shaft and drop 1 floor!
 23166 | D:14     | Reached XP level 16. HP: 104/106 MP: 18/18
 23446 | D:13     | Found a gate to the Vaults.
 23618 | D:13     | Got a steaming cloak
 23647 | D:13     | Identified the cursed +0 cloak "Dykh" {rElec Dex-4 SInv}
                  | (You found it on level 13 of the Dungeon)
 23903 | D:13     | Noticed Mebb's ghost (journeyman SpEn)
 23912 | D:13     | Found a transporter.
 23927 | D:13     | Found a transporter.
 24209 | D:13     | Received a gift from Okawaru
 24230 | D:13     | Killed Mebb's ghost
 24253 | D:13     | Got a jewelled helmet {god gift}
 24283 | D:13     | Identified the +1 helmet of the Present {rPois rC+}
                  | (Okawaru gifted it to you on level 13 of the Dungeon)
 24359 | D:14     | Found a snail-covered altar of Cheibriados.
 24988 | D:14     | Reached skill level 15 in Fighting
 25093 | D:15     | Entered Level 15 of the Dungeon
 25135 | D:15     | Found a shimmering altar of Xom.
 25141 | D:15     | Found a shimmering altar of Xom.
 25150 | D:15     | Found a shimmering altar of Xom.
 25150 | D:15     | Found a shimmering altar of Xom.
 25150 | D:15     | Found a shimmering altar of Xom.
 25166 | D:15     | Found a shimmering altar of Xom.
 25166 | D:15     | Found a shimmering altar of Xom.
 25522 | D:15     | Found a staircase to the Depths.
 25549 | D:15     | Received a gift from Okawaru
 25554 | D:15     | Got a translucent double sword {god gift}
 25864 | D:15     | Identified the +7 double sword of the Equinox {flame, Str+3
                  | Int+3} (Okawaru gifted it to you on level 15 of the
                  | Dungeon)
 26087 | Snake:1  | Entered Level 1 of the Snake Pit
 26508 | Snake:1  | Reached skill level 1 in Long Blades
 26508 | Snake:1  | Reached XP level 17. HP: 114/114 MP: 19/19
 26563 | Snake:1  | Paralysed by a naga for 2 turns
 26574 | Snake:1  | Noticed Aizul
 26590 | Snake:1  | Killed Aizul
 26848 | Snake:1  | Reached skill level 15 in Shields
 26854 | Snake:1  | Received a gift from Okawaru
 27042 | Snake:2  | Reached skill level 5 in Dodging
 27085 | Snake:2  | Received a gift from Okawaru
 27085 | Snake:2  | Reached skill level 16 in Fighting
 27193 | Snake:2  | Received a gift from Okawaru
 27476 | Snake:2  | Got a flickering iron amulet
 27545 | Snake:2  | Received a gift from Okawaru
 27591 | Snake:2  | Noticed Kirke
 27645 | Snake:2  | Killed Kirke
 27803 | Snake:2  | Received a gift from Okawaru
 27842 | Snake:2  | Got a steaming plate armour {god gift}
 27853 | Snake:2  | Identified the +1 plate armour "Biedy" {*Drain rF+++ SInv
                  | Stlth-} (Okawaru gifted it to you on level 2 of the Snake
                  | Pit)
 28129 | Snake:2  | Identified the amulet of Qepaneal {Reflect rPois rF- Slay+5
                  | SH+5 SInv} (You found it on level 2 of the Snake Pit)
 28764 | Snake:4  | Entered Level 4 of the Snake Pit
 28884 | Snake:4  | Found a runed translucent gate.
 28884 | Snake:4  | Found a runed translucent gate.
 28884 | Snake:4  | Found a runed translucent gate.
 28884 | Snake:4  | Noticed waddelsworth's ghost (adept MiBe)
 29073 | Snake:4  | Found Web Fude's Antique Armour Emporium.
 29274 | Snake:4  | Reached XP level 18. HP: 88/122 MP: 20/20
 29495 | Snake:4  | Received a gift from Okawaru
 29647 | Snake:4  | Killed waddelsworth's ghost
 29655 | Snake:4  | Identified the Grimoire of Feathers and Ignition
 29856 | Snake:4  | Reached skill level 10 in Throwing
 29964 | Snake:4  | Reached skill level 17 in Fighting
 30240 | Snake:4  | Received a gift from Okawaru
 30329 | Snake:4  | Got a jewelled cloak {god gift}
 30340 | Snake:4  | Identified the +2 cloak "Wazunul" {Stlth+} (Okawaru gifted
                  | it to you on level 4 of the Snake Pit)
 30379 | Snake:4  | Got a serpentine rune of Zot
 31695 | Swamp:1  | Entered Level 1 of the Swamp
 32152 | Swamp:1  | Received a gift from Okawaru
 32152 | Swamp:1  | Reached XP level 19. HP: 105/128 MP: 21/21
 32250 | Swamp:1  | Got a slimy great sword
 32468 | Swamp:1  | Received a gift from Okawaru
 32555 | Swamp:1  | Identified the cursed +2 great sword of Prudence {vorpal,
                  | MP+9 Str-3 Dex+3 SInv} (You found it on level 1 of the
                  | Swamp)
 32939 | Swamp:2  | Noticed Jorgrun
 32954 | Swamp:2  | Killed Jorgrun
 33411 | Swamp:3  | Noticed Mara
 33437 | Swamp:3  | Killed Mara
 33556 | Swamp:3  | Noticed Donald
 33671 | Swamp:2  | Killed Donald
 33742 | Swamp:3  | Received a gift from Okawaru
 33743 | Swamp:3  | Got a heavily runed helmet {god gift}
 34385 | Swamp:3  | Identified the +2 helmet of Mental Paralysis {+Inv MR+
                  | Regen+} (Okawaru gifted it to you on level 3 of the Swamp)
 34386 | Swamp:4  | Entered Level 4 of the Swamp
 34406 | Swamp:4  | Reached skill level 18 in Fighting
 34967 | Swamp:4  | Got a slimy cloak
 34978 | Swamp:4  | Identified the +2 cloak of Cocytus {-Tele rF+++ rN+++
                  | Str-5} (You found it on level 4 of the Swamp)
 34982 | Swamp:4  | Received a gift from Okawaru
 34982 | Swamp:4  | Reached XP level 20. HP: 136/136 MP: 23/23
 35178 | Swamp:4  | Got a decaying rune of Zot
 36409 | Vaults:1 | Entered Level 1 of the Vaults
 36608 | Vaults:1 | Received a gift from Okawaru
 36829 | Vaults:1 | Received a gift from Okawaru
 37046 | Vaults:1 | Got a distressingly furry robe
 37314 | Vaults:1 | Reached skill level 19 in Fighting
 37401 | Vaults:1 | Received a gift from Okawaru
 37520 | Vaults:1 | Identified the cursed +1 robe of Magic {Dex+2} (You found
                  | it on level 1 of the Vaults)
 37572 | Vaults:1 | Reached skill level 1 in Evocations
 38513 | Vaults:2 | You are sucked into a shaft and drop 2 floors!
 38540 | Vaults:4 | Reached XP level 21. HP: 144/144 MP: 24/24
 38633 | Vaults:4 | Found Ceol's Jewellery Shoppe.
 39022 | Vaults:4 | Found Mucoo's General Store.
 39209 | Vaults:4 | Found Meowk's Book Emporium.
 39284 | Vaults:2 | Received a gift from Okawaru
 39598 | Vaults:2 | Found a staircase to the Crypt.
 39666 | Vaults:2 | Reached skill level 20 in Fighting
 39792 | Vaults:2 | Found Jepiesto's Magic Scroll Shoppe.
 39800 | Vaults:2 | Bought a scroll of teleportation for 51 gold pieces
 39800 | Vaults:2 | Bought a scroll of magic mapping for 59 gold pieces
 39800 | Vaults:2 | Bought a scroll of teleportation for 51 gold pieces
 39800 | Vaults:2 | Bought a scroll of teleportation for 51 gold pieces
 39800 | Vaults:2 | Bought a scroll of teleportation for 51 gold pieces
 39800 | Vaults:2 | Bought a scroll of enchant weapon for 127 gold pieces
 39802 | Vaults:2 | Got an ancient quarterstaff
 39973 | Vaults:1 | Identified the cursed +3 quarterstaff of Ucsoquyrgh {elec,
                  | rN+ Int-4 Dex+7 SInv} (You found it on level 2 of the
                  | Vaults)
 40035 | Vaults:2 | Received a gift from Okawaru
 40256 | Vaults:2 | Noticed Asterion
 40264 | Vaults:2 | Killed Asterion
 40813 | Vaults:3 | Identified the cursed +0 pair of gloves of the Slightly
                  | Bent {rElec MR- Regen+ Dex+9}
 40813 | Vaults:3 | Noticed Nikola
 40846 | Vaults:3 | Killed Nikola
 40846 | Vaults:3 | Received a gift from Okawaru
 41134 | Vaults:3 | Noticed Frederick
 41146 | Vaults:3 | Killed Frederick
 41146 | Vaults:3 | Received a gift from Okawaru
 41146 | Vaults:3 | Reached skill level 5 in Invocations
 41182 | Vaults:3 | Got a polished mace {god gift}
 41213 | Vaults:3 | Identified the +2 mace "Leddewot" {speed, +Inv rPois rC-
                  | Dex+3} (Okawaru gifted it to you on level 3 of the Vaults)
 41233 | Vaults:3 | Reached XP level 22. HP: 140/153 MP: 25/25
 42109 | Vaults:4 | Reached skill level 21 in Fighting
 42237 | Vaults:4 | Received a gift from Okawaru
 42670 | Vaults:5 | Entered Level 5 of the Vaults
 42673 | Vaults:5 | Noticed a golden dragon
 42832 | Vaults:4 | Killed a golden dragon
 43378 | Elf:1    | Entered Level 1 of the Elven Halls
 43378 | Elf:1    | Noticed Louise
 43387 | Elf:1    | Killed Louise
 44300 | Elf:2    | Found a runed translucent gate.
 44300 | Elf:2    | Found a runed translucent gate.
 44300 | Elf:2    | Found a runed translucent gate.
 44714 | Elf:2    | Received a gift from Okawaru
 44959 | Elf:2    | Reached XP level 23. HP: 161/161 MP: 27/27
 44960 | Elf:2    | Received a gift from Okawaru
 44974 | Elf:2    | Gained mutation: You are agile. (Dex +2) [a neqoxec]
 44998 | Elf:2    | Got a pair of twisted gloves {god gift}
 45009 | Elf:2    | Identified the +3 pair of gloves of Tartarus {Stlth+}
                  | (Okawaru gifted it to you on level 2 of the Elven Halls)
 45060 | Elf:2    | Reached skill level 22 in Fighting
 45306 | Elf:3    | Entered Level 3 of the Elven Halls
 45731 | Elf:3    | Gained mutation: Your magical capacity is low. (-10% MP) [a
                  | neqoxec]
 45809 | Elf:3    | Cast into level 2 of the Abyss (a deep elf sorcerer)
 45809 | Abyss:2  | Found a corrupted altar of Lugonu.
 45824 | Abyss:2  | Found a corrupted altar of Lugonu.
 46092 | Abyss:3  | Received a gift from Okawaru
 46227 | Elf:3    | Escaped the Abyss
 46248 | Elf:3    | Identified the +7 trident of the Nine Visionaries {freeze,
                  | Str+3}
 46281 | Elf:3    | Identified the ring of Wishful Thinking {rF- rC+ rN+ MP+9
                  | Dex+6}
 46397 | Elf:3    | Identified the +10 mace "Kuhur" {flame, Stlth+}
 46397 | Elf:3    | Identified the ring of Truth {Ice Str+4}
 46492 | Elf:3    | Received a gift from Okawaru
 46985 | Elf:3    | Found the amulet of Vitality {Regen+ HP+15}
 46994 | Elf:3    | Reached skill level 15 in Throwing
 47308 | Elf:3    | Got a slimy mace
 47309 | Elf:3    | Identified the +4 mace "Jellyslayer" {holy, +Rage rPois
                  | Str+3} (You found it on level 3 of the Elven Halls)
 48385 | Depths:1 | Entered Level 1 of the Depths
 48425 | Depths:1 | Found a gateway to Hell.
 48474 | Depths:1 | Found a one-way gate to the infinite horrors of the Abyss.
 48851 | Depths:1 | Reached XP level 24. HP: 169/169 MP: 24/24
 49007 | Depths:1 | Found a one-way gate leading to the halls of Pandemonium.
 49015 | Depths:1 | Received a gift from Okawaru
 49095 | Depths:1 | Got a masterwork broad axe
 49140 | Depths:1 | Identified the +4 broad axe "Fadig" {drain, Str-4 Int+6}
                  | (You found it on level 1 of the Depths)
 49306 | Depths:1 | Received a gift from Okawaru
 49307 | Depths:1 | Got a smoking glaive {god gift}
 49374 | Depths:1 | Reached skill level 23 in Fighting
 49437 | Depths:1 | Got a bound amber ring
 49443 | Depths:1 | Identified the +1 glaive of the Slime-mould {flame, SInv}
                  | (Okawaru gifted it to you on level 1 of the Depths)
 49451 | Depths:1 | Identified the ring of the Imp {rC+ MR+ Str-3 Int+6} (You
                  | found it on level 1 of the Depths)
 49956 | Depths:2 | Identified the cursed +1 quick blade of Buaschol
                  | {antimagic, rElec Str+6}
 49957 | Depths:2 | Identified the +7 lajatang of Cicic {antimagic, rF+}
 49957 | Depths:2 | Noticed SeriousMike's ghost (adept DEAs)
 49960 | Depths:2 | Noticed a juggernaut
 49962 | Depths:2 | Found a bloodstained altar of Trog.
 50055 | Depths:2 | Identified the +6 quick blade of Gypn {vorpal, rC+ Int+4}
 50115 | Depths:2 | Noticed a caustic shrike
 50127 | Depths:2 | Killed a caustic shrike
 50134 | Depths:2 | Received a gift from Okawaru
 50201 | Depths:2 | Found a transporter.
 50266 | Depths:2 | Found a transporter.
 50343 | Depths:2 | Received a gift from Okawaru
 50869 | Depths:3 | Reached XP level 25. HP: 178/178 MP: 24/24
 50987 | Depths:3 | Reached skill level 24 in Fighting
 51527 | Depths:3 | Received a gift from Okawaru
 51612 | Depths:3 | Found the ring of Robustness {AC+8}
 51959 | Depths:4 | Noticed Margery
 52282 | Depths:4 | Killed Margery
 52300 | Depths:4 | Noticed a juggernaut
 52308 | Depths:4 | Killed a juggernaut
 52316 | Depths:4 | Noticed a juggernaut
 52337 | Depths:4 | Killed a juggernaut
 52394 | Depths:4 | Identified the +6 hand axe of Infection {vorpal, *Drain rF+
                  | rC+ Int+2}
 52409 | Depths:4 | Paralysed by a sphinx for 4 turns
 52736 | Depths:4 | Noticed the Enchantress
 52786 | Depths:4 | Noticed a juggernaut
 52796 | Depths:4 | Killed a juggernaut
 52950 | Depths:4 | Identified Sif Muna's Compendium of Flamy Shape Shifting
 53134 | Depths:4 | Found Fosch's Magic Scroll Boutique.
 53142 | Depths:4 | Bought 2 scrolls of magic mapping for 147 gold pieces
 53142 | Depths:4 | Bought a scroll of brand weapon for 420 gold pieces
 53142 | Depths:4 | Bought a scroll of enchant armour for 157 gold pieces
 53142 | Depths:4 | Bought a scroll of enchant weapon for 157 gold pieces
 53235 | Depths:4 | Reached XP level 26. HP: 167/186 MP: 24/24
 53265 | Depths:4 | Killed the Enchantress
 53295 | Depths:4 | Received a gift from Okawaru
 53511 | Depths:4 | Found a gateway to a ziggurat.
 53789 | Depths:5 | Entered Level 5 of the Depths
 54040 | Depths:5 | Noticed a juggernaut
 54064 | Depths:4 | Killed a juggernaut
 54064 | Depths:4 | Received a gift from Okawaru
 54086 | Depths:5 | Noticed Boris
 54184 | Depths:5 | Received a gift from Okawaru
 54211 | Depths:5 | Identified the cursed +1 dagger of the Pyrrhic Victory
                  | {vorpal, Int+7 SInv}
 54292 | Depths:5 | Found a gateway to a bazaar.
 54298 | Bazaar   | Entered a bazaar
 54312 | Bazaar   | Found Jowk's Distillery.
 54341 | Bazaar   | Found Bihattya's Distillery.
 54354 | Bazaar   | Found Ebolaapp's Gadget Emporium.
 54372 | Bazaar   | Found Umnun's Gadget Emporium.
 54395 | Bazaar   | Bought a potion of haste for 60 gold pieces
 54395 | Bazaar   | Bought a potion of haste for 60 gold pieces
 54395 | Bazaar   | Bought a potion of might for 24 gold pieces
 54395 | Bazaar   | Bought a potion of lignification for 18 gold pieces
 54395 | Bazaar   | Bought a potion of curing for 18 gold pieces
 54395 | Bazaar   | Bought a potion of heal wounds for 30 gold pieces
 54423 | Bazaar   | Bought a potion of resistance for 120 gold pieces
 54423 | Bazaar   | Bought a potion of curing for 36 gold pieces
 54423 | Bazaar   | Bought a potion of heal wounds for 60 gold pieces
 54423 | Bazaar   | Bought a potion of haste for 120 gold pieces
 54423 | Bazaar   | Bought a potion of might for 48 gold pieces
 54423 | Bazaar   | Bought a potion of heal wounds for 60 gold pieces
 54423 | Bazaar   | Bought a potion of mutation for 96 gold pieces
 54423 | Bazaar   | Bought a potion of haste for 120 gold pieces
 54423 | Bazaar   | Bought a potion of curing for 36 gold pieces
 54477 | Depths:5 | Found a shattered altar of Ashenzari.
 54823 | Depths:4 | Received a gift from Okawaru
 54902 | Depths:5 | Reached skill level 10 in Dodging
 55033 | Depths:5 | Received a gift from Okawaru
 55045 | Depths:5 | Found a gate to the Realm of Zot.
 55205 | Depths:2 | Killed a juggernaut
 55205 | Depths:2 | Reached skill level 25 in Fighting
 55209 | Depths:2 | Received a gift from Okawaru
 55212 | Depths:2 | Cast into level 3 of the Abyss (deep elf blademaster)
 55212 | Abyss:3  | Found a shimmering altar of Xom.
 55326 | Abyss:3  | Received a gift from Okawaru
 55514 | Abyss:3  | Received a gift from Okawaru
 55515 | Abyss:3  | Got a fine plate armour {god gift}
 55535 | Abyss:3  | Got an abyssal rune of Zot
 55555 | Depths:2 | Escaped the Abyss
 55659 | Depths:2 | Identified the +10 plate armour "Pitirch" {rN+ Int+3}
                  | (Okawaru gifted it to you on level 3 of the Abyss)
 55723 | Depths:2 | Killed SeriousMike's ghost
 55752 | Depths:2 | Got a faintly glowing hat
 55966 | D:12     | Identified the cursed -2 hat "Ikeu" {Dex+4} (You found it
                  | on level 2 of the Depths)
 57264 | Vaults:5 | Cast into level 3 of the Abyss (a deep elf sorcerer)
 57327 | Vaults:5 | Escaped the Abyss
 57341 | Vaults:4 | Reached XP level 27. HP: 156/193 MP: 20/25
 57496 | Vaults:4 | Received a gift from Okawaru
 57653 | Vaults:4 | Received a gift from Okawaru
 57972 | Vaults:5 | Got an ancient scale mail
 58148 | Vaults:5 | Identified the +2 robe "Hiecabo" {+Fly}
 58354 | Vaults:4 | Identified the cursed +0 scale mail of Ennui {Regen+ rCorr}
                  | (You found it on level 5 of the Vaults)
 58862 | Vaults:5 | Got a clouded silver amulet
 58863 | Vaults:5 | Identified the amulet "Poiv" {RegenMP rF++} (You found it
                  | on level 5 of the Vaults)
 59096 | Vaults:5 | Got a silver rune of Zot
 59568 | Vaults:4 | Bought a wand of digging (5) for 234 gold pieces
 59929 | Slime:1  | Entered Level 1 of the Pits of Slime
 60040 | Slime:3  | Received a gift from Okawaru
 60174 | Slime:5  | Entered Level 5 of the Pits of Slime
 60326 | Slime:5  | Gained mutation: You are frail. (-10% HP) [a shining eye]
 60868 | Slime:5  | Reached skill level 26 in Fighting
 60888 | Slime:5  | Noticed the Royal Jelly
 60929 | Slime:5  | Killed the Royal Jelly
 60929 | Slime:5  | Received a gift from Okawaru
 61280 | Slime:5  | Got a jewelled kite shield {god gift}
 61308 | Slime:4  | Identified the -7 kite shield of Past Mistakes {Str+2}
                  | (Okawaru gifted it to you on level 5 of the Pits of Slime)
 61412 | Slime:5  | Found the +8 orange crystal plate armour {Archmagi, Int+3
                  | Clar}
 61468 | Slime:5  | Got a smoking bronze ring
 61493 | Slime:5  | Got a slimy rune of Zot
 61546 | Slime:5  | Identified the ring "Xiat" {rC+ rN++ Str+6 Dex+3 Slay-3}
                  | (You found it on level 5 of the Pits of Slime)
 61611 | Slime:5  | Got a tiger eye-studded leather armour
 61633 | Slime:5  | Got a smoking shortbow
 61659 | Slime:5  | Got a pitted shortbow
 61666 | Slime:5  | Got a fine longbow
 61746 | Slime:5  | Identified the cursed +3 shortbow of Offence {venom, +Inv
                  | Str+4 Dex+3} (You found it on level 5 of the Pits of Slime)
 61753 | Slime:5  | Identified the +9 shortbow of Ruination {speed, rC+ Str-2
                  | Int+9} (You found it on level 5 of the Pits of Slime)
 61755 | Slime:5  | Identified the +4 longbow of the Onslaught {flame, rElec
                  | Int-5 Dex+2} (You found it on level 5 of the Pits of Slime)
 61768 | Slime:5  | Identified the cursed +1 leather armour "Filinit" {-Cast
                  | rElec rPois rC++} (You found it on level 5 of the Pits of
                  | Slime)
 62442 | D:12     | Learned a level 2 spell: Blink
 62445 | D:12     | Lost mutation: Your magical capacity is low. (-10% MP)
                  | [potion of mutation]
 62445 | D:12     | Lost mutation: You are frail. (-10% HP) [potion of
                  | mutation]
 62445 | D:12     | Lost mutation: You are agile. (Dex +2) [potion of mutation]
 62445 | D:12     | Gained mutation: You have sharp fingernails. [potion of
                  | mutation]
 62445 | D:12     | Gained mutation: You are partially covered in rugged brown
                  | scales. (AC +1, +3% HP) [potion of mutation]
 62682 | Depths:5 | Killed Boris
 62705 | Zot:1    | Entered Level 1 of the Realm of Zot
 62911 | Zot:1    | Killed from afar by a green draconian scorcher

Illustrated notes

..##....>.##.####......#
..#####.......##....##.##
..#5...............###..#
..#.######<.......#####.#####
..#.# #...........##.....#
#.#.######.........#.#......#
#.#........##...####.#......#
..#####...####...###.#......#
....# ##....#...@..#.#......#
....# #............#.#.....##
....###<..........##.#######
.#................##......#
.#.......##.#.....#######.#
...####.....#.......[.# #.#
...#..#.##..##........###.######
...#..#......#....(...##.......#
..##'######..............#####.#


Turn 7925 on D:8: 8

Levels and vault maps discovered:
D:1:      scummos_arrival_simple_fountains, layout_basic
D:2:      layout_basic, hangedman_decor_peaks_small, uniq_robin
D:3:      layout_basic, ebering_ghost_rock_garden, uniq_grinder, uniq_sigmund,
          uniq_crazy_yiuf_cottage
D:4:      layout_basic, fedhas_altar_1, old_standard_altar, first_ration,
          serial_glass, glass_columns_a, glass_columns_a, kennysheep_path_1
D:5:      layout_cave_pools, minitemple, minmay_temple_entry_crystal_x
D:6:      layout_loops_cross, trog_wizard
D:7:      layout_layer_cave, nemelex_xobeh_ov_fountains_minmay
D:8:      layout_cave_pools, nicolae_overflow_hidden_temple,
          serial_co_window_serial, co_window_of_opportunity_a,
          co_window_of_opportunity_a, co_window_paths_a, co_window_paths_a,
          co_window_of_opportunity_a, co_window_unsneaky_path_d,
          co_window_of_opportunity_c, co_window_unsneaky_path_a,
          co_window_corner_b, co_window_broadway_b, glass_columns_c,
          glass_columns_c, hangedman_pestilent_swarm
D:9:      layout_loops_cross
D:10:     layout_loops_ring, minmay_lair_entry_grove, erik_orc_2, uniq_nergalle
D:11:     layout_irregular_city
D:12:     layout_grid_maze, gauntlet_entry_generic, basic_altar
D:13:     layout_basic, david_vaults_2, gammafunk_ghost_berserking_beasts,
          minmay_misc_feat_chi, minmay_hedge_maze
D:14:     layout_long_grid, chequers_big_river, cheibriados_altar_1
D:15:     gammafunk_depths_entry_grave, layout_irregular_city, minivault_23,
          nicolae_xom_altar_mimics
Temple:   regret_index_temple_generic_petals
Lair:1:   minmay_lair_oklob_tunnel, layout_regular_city, gammafunk_ghost_split,
          uniq_prince_ribbit2, uniq_gastronok
Lair:2:   cheibrodos_lair_overgrown_chateau, layout_cave_shapes,
          palyth_hydra_swamp_entry
Lair:3:   beast_lair_carwin_large_1, layout_gridlike,
          minmay_snake_entry_guardpost_small, serial_bayou_pond_a,
          serial_bayou_pond_e, st_stairs_9, uniq_fannar
Lair:4:   layout_hall_layers, grunt_megastairs_2, lemuel_fruit_fields,
          infiniplex_staircase_pool
Lair:5:   layout_layer_cave, slime_dummy, nicolae_volcano_entry_vermiform
Lair:6:   evilmike_catoblepas_cave, layout_loops_ring, grunt_megastairs_1
Swamp:1:  layout_basic_swamp, evilmike_swamp_ruin_house_4, hangedman_swamp_cone
Swamp:2:  layout_basic_swamp, hangedman_swamp_ruin_wall,
          hangedman_swamp_ravenous, uniq_jorgrun
Swamp:3:  layout_falls_marsh, serial_swamp_ruin, evilmike_swamp_ruin_house_2,
          evilmike_swamp_ruin_house_5, swamp_pool1, nicolae_swamp_dense_foliage,
          uniq_donald, uniq_mara
Swamp:4:  swamp_alternative, layout_basic_swamp, swamp_pool4
Snake:1:  layout_layer_cave, uniq_aizul
Snake:2:  layout_gridlike, st_stairs_9, serial_bayou_shore_b, uniq_kirke
Snake:3:  layout_cave_pods
Snake:4:  grunt_snake_rune_spirals, layout_onion, ebering_ghost_rock_garden,
          serial_shops, nicolae_shop_behind_doors
Slime:1:  layout_caves
Slime:2:  layout_caves
Slime:3:  layout_caves
Slime:4:  layout_caves
Slime:5
Orc:1:    layout_caves, basic_altar
Orc:2:    st_orc_town, layout_caves, serial_shops, nicolae_shop_stone,
          nicolae_shop_window_shopping, shop_fountains, shop, shop, basic_altar,
          mines3_lemuel, uniq_josephine, uniq_saint_roka
Elf:1:    elf_arrival_001, layout_loops_cross, minivault_28, uniq_louise
Elf:2:    layout_gridlike, special_room [special_room_mythical_zoo],
          lemuel_flamethrower_2
Elf:3:    nooodl_elf_gasket, layout_rooms
Vaults:1: ontoclasm_vaults_gallery, vaults_room_boxed, v_pattern_5,
          ontoclasm_vaults_chip, hangedman_vaults_stream,
          hangedman_vaults_cutoff, ontoclasm_vaults_misaligned,
          nicolae_vaults_triangles, v_misc_17, nicolae_vaults_little_squares_6,
          layout_vaults_omnicross
Vaults:2: vaults_mumra_minichess, minmay_crypt_entry_simple_box,
          grunt_vaults_twisty, nicolae_vaults_little_squares_1,
          nicolae_vaults_display_case, vaults_room_fancy_cross,
          nicolae_vaults_little_ls, v_pattern_4, v_misc_27,
          vaults_dpeg_encased_lava, layout_vaults_omnigrid, serial_shops,
          nicolae_shop_crystal, uniq_asterion
Vaults:3: nicolae_vaults_angled_halls, vaults_room_glass_cross, v_misc_4,
          v_misc_1, serial_ice_b, ontoclasm_vaults_tryst,
          hangedman_vaults_cutoff, nicolae_vaults_bisected_slash,
          nicolae_vaults_yaktaur_gun_rack, vaults_room_pool,
          ontoclasm_vaults_idyll, vaults_room_corners, layout_vaults_big_room,
          uniq_nikola, uniq_frederick
Vaults:4: nicolae_vaults_little_squares_4, grunt_vaults_swirl,
          hangedman_vaults_slither, ontoclasm_vaults_pinch,
          hangedman_vaults_snaps, vaults_dpeg_spiral, hangedman_vaults_stitches,
          hangedman_vaults_corner, nicolae_vaults_circle_grid_a,
          vaults_standard_mumra_x, nicolae_vaults_angled_halls,
          nicolae_vaults_gold_heap, grunt_vaults_hallway_short,
          layout_vaults_maze_snakey, serial_shops, shop, shop,
          nicolae_shop_statue_plus
Vaults:5
Depths:1: layout_long_grid, hangedman_abyss_or_decor_stagger, pf_coc_iceberg,
          abyss_entry_crystal, rand_demon_pan_entry_5, minivault_10,
          minmay_swirly_circle
Depths:2: minmay_distorted_concentric_squares, layout_cave_shapes,
          gammafunk_ghost_wrathful_warriors, abyss_entry_small_statue_room,
          kennysheep_donut, rand_demon_pan_entry_3, hell_entry,
          minmay_staircase_statues_hall_small
Depths:3: minmay_connected_boxes_in_corner, layout_cave_shapes, pan_entry,
          minmay_misc_feat_plants, pf_hell_entry_tar_river,
          minmay_guarded_unrand_robustness
Depths:4: minmay_the_grid_square_5x5_3x3
          [minmay_the_grid_square_5x5_three_walls,
          minmay_the_grid_square_5x5_eight, minmay_the_grid_square_5x5_c,
          minmay_the_grid_square_5x5_six_small,
          minmay_the_grid_square_5x5_megaprize_open,
          minmay_the_grid_square_5x5_detours,
          minmay_the_grid_square_5x5_gyroscope,
          minmay_the_grid_square_5x5_misaligned,
          minmay_the_grid_square_5x5_seven], layout_gridville, enter_ziggurat_f,
          pan_entry, hangedman_abyss_entry_splay, serial_shops,
          kennysheep_little_box, minmay_misc_feat_columns, grunt_metal_band,
          minmay_misc_feat_cross, minmay_staircase_bubble, serial_bayou_shore_b,
          firewood_loft, uniq_enchantress
Depths:5: grunt_zot_entry_bicorn, layout_cave_pools, serial_shops, statue_bzr,
          nicolae_ashenzari_panopticon, hell_entry, minmay_microvault,
          serial_bayou_shore_b, uniq_boris
Zot:1:    layout_concentric_octagons, nzn_random_ring

Skill      XL: |  1  2  3  4  5  6  7  8  9 10 11 12 13 14 15 16 17 18 19 20 21 22 23 24 25 26 27 |
---------------+----------------------------------------------------------------------------------+-----
Shields        | 4 5 6 7 8 9 10 11 12 13 14 15 16 17 18 19 20 21 22 23 | 23.4
Maces & Flails | 3 4 5 6 7 10 11 13 14 15 16 17 18 19 20 21 | 21.7
Armour         | 4 5 6 7 8 9 10 11 12 13 14 | 14.4
Fighting       | 4 5 6 7 8 10 12 14 15 16 17 18 19 20 21 22 23 24 25 26 | 26.1
Dodging        | 1 2 3 4 5 6 7 8 9 11 12 | 12.3
Throwing       | 1 2 3 4 5 6 7 8 9 12 13 14 15 16 17 | 17.3
Stealth        | 1 |  1.4
Invocations    | 2 3 4 5 6 7 |  7.2
Long Blades    | 1 |  1.9
Evocations     | 1 2 |  2.3
Polearms       | |  0.5

Action                   |  1- 3 |  4- 6 |  7- 9 | 10-12 | 13-15 | 16-18 | 19-21 | 22-24 | 25-27 || total
-------------------------+-------+-------+-------+-------+-------+-------+-------+-------+-------++-------
Melee: Flail             |   148 |   285 |   540 |       |   252 |  1183 |   638 |       |       ||  3046
       Morningstar       |       |       |   130 |   645 |  1155 |       |       |       |       ||  1930
       Spear             |       |       |       |       |    57 |       |       |       |       ||    57
       Double sword      |       |       |       |       |       |    20 |       |       |       ||    20
       Eveningstar       |       |       |       |       |       |       |   714 |  1284 |  1400 ||  3398
       Punch             |       |       |       |       |       |       |     3 |       |       ||     3
Throw: Dart              |       |     7 |    52 |    22 |   111 |       |       |    10 |       ||   202
       Boomerang         |       |       |    19 |    71 |   102 |   663 |   345 |   277 |   384 ||  1861
       Javelin           |       |       |       |       |     6 |       |       |       |       ||     6
Invok: Heroism           |       |       |       |    11 |     9 |    12 |    13 |     8 |    16 ||    69
       Finesse           |       |       |       |     4 |     3 |     4 |     7 |     3 |    12 ||    33
 Abil: Fly               |       |       |       |       |     1 |       |       |       |       ||     1
Evoke: Wand              |       |       |       |       |       |     8 |     4 |       |    37 ||    49
  Use: Potion            |       |     1 |       |       |       |       |     1 |     1 |     8 ||    11
       Scroll            |       |       |    11 |     7 |    10 |     5 |    11 |     6 |    17 ||    67
 Stab: Distracted        |       |       |     1 |       |       |       |     1 |     1 |       ||     3
       Petrified         |       |       |       |       |       |     3 |       |       |       ||     3
       Sleeping          |       |       |       |       |       |       |       |       |     2 ||     2
  Eat: Chunk             |     2 |     2 |    14 |    12 |    21 |    12 |    21 |    21 |    14 ||   119
       Ration            |       |     1 |     1 |     2 |     4 |     6 |     2 |     3 |     7 ||    26
Armor: Scale mail        |   116 |     3 |       |       |       |       |       |       |       ||   119
       Chain mail        |       |   172 |   422 |       |   463 |   590 |   528 |   460 |   316 ||  2951
       Plate armour      |       |       |    71 |   269 |   336 |       |       |       |       ||   676
       Acid dragon scale |       |       |       |       |       |       |       |       |   109 ||   109
Dodge: Dodged            |    65 |    72 |   156 |   102 |   357 |   335 |   363 |   320 |   440 ||  2210
       Repelled          |       |       |       |       |       |       |       |       |     3 ||     3
Block: Kite shield       |   117 |   159 |   385 |   348 |   930 |   894 |   882 |  1072 |   114 ||  4901
       Reflection        |       |       |       |       |       |       |    45 |    93 |    87 ||   225
       Other             |       |       |       |       |       |       |    31 |    11 |       ||    42
       Tower shield      |       |       |       |       |       |       |       |       |  1389 ||  1389
       Rpst.: Double sword |       |       |       |       |       |     1 |       |       |       ||     1
